Map: Ulrena

Players

Sardine

  • Race: Zerg Zerg
  • League: Diamond

GothicGhost - Winner!

  • Race: Terran Terran

VOD

Have the link to the VOD?

Description

Time

  • Played on: April 18, 2016, 7:57 p.m.
  • Length: 6:52
Show
View Real Time Build Order
Export as new Build Order

Sardine Zerg 

Build Orders: Hatch First 

Get SALT Encoding   

  12  0:03  Drone  
  13  0:13  Overlord  
  13  0:17  Drone  
  14  0:31  Drone x2  
  14  0:35  Drone  
  17  0:53  Hatchery  
  17  0:56  Drone  
  17  1:01  Drone  
  18  1:08  Drone  
  18  1:10  Extractor  
  18  1:20  Spawning Pool  
  18  1:22  Drone  
  18  1:29  Drone  
  20  1:40  Drone  
  20  1:50  Overlord  
  20  2:03  Drone  
  20  2:05  Drone  
  20  2:07  Queen x2  
  26  2:11  Metabolic Boost  
  26  2:16  Drone  
  26  2:19  Drone  
  28  2:26  Drone  
  28  2:27  Drone  
  30  2:34  Drone  
  31  2:39  Drone  
  31  2:43  Queen  
  34  2:48  Drone  
  35  2:59  Overlord  
  35  3:01  Pneumatized Carapace  
  35  3:11  Baneling Nest, Drone  
  35  3:24  Overlord, Drone  
  35  3:25  Drone x5  
  41  3:30  Overlord  
  41  3:31  Drone  
  42  3:46  Roach Warren  
  41  3:54  Evolution Chamber  
  40  3:56  Hatchery  
  39  4:03  Spore Crawler  
  39  4:06  Drone x2  
  39  4:07  Drone  
  39  4:08  Zergling x12  
  47  4:19  Zergling x4  
  49  4:28  Roach  
  49  4:29  Roach x4  
  54  4:43  Roach x2  
  54  4:44  Roach x3  
  29  5:09  Queen x3  
  33  5:15  Roach x2  
  33  5:18  Roach  
  33  5:20  Baneling  
  31  5:30  Roach  
  29  5:53  Roach x3  
  29  6:04  Spine Crawler  
  29  6:10  Roach  
  30  6:11  Roach  
Show
View Real Time Build Order
Export as new Build Order

GothicGhost Terran - Winner!

Build Orders: 1/1/1, Hellion Opening 

Get SALT Encoding   

  12  0:01  SCV  
  13  0:13  SCV  
  14  0:19  Supply Depot  
  14  0:24  Refinery  
  14  0:29  SCV  
  15  0:43  Barracks  
  15  0:49  SCV  
  16  1:01  SCV  
  17  1:13  SCV  
  18  1:25  SCV  
  18  1:31  Supply Depot  
  19  1:34  Factory  
  19  1:36  Marine  
  19  1:37  SCV  
  21  1:54  Supply Depot  
  21  1:55  Orbital Command  
  21  2:24  Starport  
  21  2:26  Factory Reactor  
  21  2:28  Refinery  
  21  2:29  SCV  
  22  2:32  Marine  
  22  2:36  Supply Depot  
  23  2:41  SCV  
  24  3:03  Medivac  
  24  3:05  Hellion x2  
  30  3:13  SCV  
  31  3:22  Armory  
  31  3:25  SCV  
  31  3:26  Hellion  
  31  3:27  Hellion  
  36  3:39  Medivac  
  38  3:45  Marine  
  38  3:48  Hellion x2  
  43  3:50  Supply Depot  
  43  3:58  Supply Depot  
  43  4:02  Marine  
  44  4:20  Medivac  
  44  4:22  Hellion x2  
  46  5:07  Hellion  
  46  5:08  Hellion  
  46  5:11  Medivac  
  48  5:29  Hellion x2  
  48  5:34  Supply Depot  
  52  5:41  Medivac  
  54  5:50  Hellion x2  
  56  6:09  Barracks Reactor  
  59  6:11  Barracks  
  59  6:12  Barracks  
  59  6:18  Widow Mine x2  
Tags
 
Add a new tag
Caveats
  • Supply blocks, unpowered buildings, or Contaminate may cause inaccurate times.
  • Supply counts are checked every 10 seconds.